 Dungeon Crawl Stone Soup version 0.30-a0-986-g7f2e898f52 (webtiles) character file.

Game seed: 4366870049277096275

476 xian the Magician (level 6, -2/42 HPs)
             Began as a Demonspawn Wanderer on Apr 2, 2023.
             Killed from afar by a white imp (7 damage)
             ... with a puff of frost
             ... on level 4 of the Dungeon.
             The game lasted 00:07:19 (2821 turns).

xian the Magician (Demonspawn Wanderer)             Turns: 2821, Time: 00:07:20

Health: -2/42      AC:  5    Str: 17    XL:     6   Next: 84%
Magic:  5/13       EV: 11    Int: 14    God:
Gold:   166        SH:  4    Dex: 20    Spells: 10/14 levels left

rFire   + . .      SeeInvis .    l - +2 short sword (freeze)
rCold   . . .      Faith    .    (no shield)
rNeg    . . .      Spirit   .    m - +1 leather armour of Contentment {Str+7 Dex+4}
rPois   .          Reflect  .    (no helmet)
rElec   .          Rampage  .    (no cloak)
rCorr   .                        b - +0 pair of gloves
Will    +....                    (no boots)
Stlth   ++                       (no amulet)
HPRegen 0.27/turn                g - ring of protection from fire
MPRegen 0.13/turn                o - ring of willpower

@: no status effects
A: large bone plates 1
a: no special abilities


You were on level 4 of the Dungeon.
You visited 1 branch of the dungeon, and saw 4 of its levels.

You collected 166 gold pieces.

Inventory:

Hand Weapons
 l - a +2 short sword of freezing (weapon)
Missiles
 a - 13 poisoned darts
Armour
 b - a +0 pair of gloves (worn)
 m - the +1 leather armour of Contentment (worn) {Str+7 Dex+4}
   (You found it on level 2 of the Dungeon)

   Str:       It affects your strength (+7).
   Dex:       It affects your dexterity (+4).
 r - a +0 troll leather armour
Jewellery
 g - a ring of protection from fire (left hand)
 o - a ring of willpower (right hand)
Scrolls
 d - a scroll of magic mapping {unknown}
 h - a scroll of vulnerability {unknown}
 q - 2 scrolls of blinking {unknown}
Potions
 c - 3 potions of curing
 e - a potion of brilliance {unknown}
 f - a potion of ambrosia {unknown}
 i - 2 potions of invisibility {unknown}
 j - a potion of might {unknown}
 k - a potion of heal wounds {unknown}
 n - a potion of lignification {unknown}
 p - a potion of attraction {unknown}


   Skills:
 + Level 0.7 Fighting
 + Level 4.2 Short Blades
 + Level 0.4 Throwing
 + Level 1.5 Armour
 + Level 1.1 Dodging
 + Level 1.3 Stealth
 + Level 0.3 Shields
 + Level 4.9 Spellcasting
 + Level 3.5 Earth Magic
 + Level 1.0 Evocations


You had 10 spell levels left.
You knew the following spells:

 Your Spells              Type           Power      Damage    Failure   Level
a - Sandblast             Erth           26%        2d8       4%          1
b - Stone Arrow           Conj/Erth      16%        3d8       30%         3

Your spell library contained the following spells:

 Spells                   Type           Power      Damage    Failure   Level
 Cigotuvi's Dreadful Rot  Necr/Pois/Air  6%         N/A       32%         2
 Poisonous Vapours        Pois/Air       6%         N/A       32%         2
 Inner Flame              Hex/Fire       3%         N/A       54%         3
 Mephitic Cloud           Conj/Pois/Air  3%         N/A       54%         3
 Flame Wave               Conj/Fire      3%         2d5       91%         4
 Sticky Flame             Conj/Fire      3%         2d3       91%         4


Dungeon Overview and Level Annotations

Branches:
Dungeon (4/15)
 Temple: D:4-7

Altars:


Innate Abilities, Weirdness & Mutations

You are partially covered in large bone plates. (SH +4)


Message History

You kill the jelly!
You feel sick. The white imp barely misses you. The white imp gestures at you.
The puff of frost misses you.
Casting: Sandblast (safe; 4% risk of failure)
Confirm with . or Enter, or press ? or * to list all spells.
Aiming: Sandblast (safe; 4% risk of failure)
Press: ? - help, Shift-Dir - straight line, f - white imp
Aim: a white imp (82% to hit)
The blast of sand hits the white imp but does no damage.
You feel sick.
You are no longer poisoned.
The white imp hits you. The white imp freezes you.
* * * LOW HITPOINT WARNING * * *
Casting: Sandblast (safe; 4% risk of failure)
Confirm with . or Enter, or press ? or * to list all spells.
Aiming: Sandblast (safe; 4% risk of failure)
Press: ? - help, Shift-Dir - straight line, f/p - white imp
Aim: a white imp (82% to hit)
The blast of sand hits the white imp but does no damage.
The white imp closely misses you. You block the white imp's attack.
Unknown command.
Casting: Sandblast (safe; 4% risk of failure)
Confirm with . or Enter, or press ? or * to list all spells.
Aiming: Sandblast (safe; 4% risk of failure)
Press: ? - help, Shift-Dir - straight line, f/p - white imp
Aim: a white imp (82% to hit)
The blast of sand hits the white imp but does no damage.
The white imp gestures at you. The puff of frost hits you!
* * * LOW HITPOINT WARNING * * *
Casting: Sandblast (safe; 4% risk of failure)
Confirm with . or Enter, or press ? or * to list all spells.
Aiming: Sandblast (safe; 4% risk of failure)
Press: ? - help, Shift-Dir - straight line, f/p - white imp
Aim: a white imp (82% to hit)
The blast of sand hits the white imp but does no damage.
The white imp gestures at you. The puff of frost hits you!
You die...

#........#.## ##.##
###.........# #....
###.##.)....## ##...#
####............#
#...(.##.....###.......#
#....>#.......##........
.....................#..
.....................#..
.......@.............##.
......5†...#..#.......#.
...........##.#.#....##.
..#.#......# ..##... #..
. # #.......#...# #..
..#..#.... .. #..
...#..##.... ....
###.#... .... .... ....


You could see a white imp.

Vanquished Creatures
  Sigmund (D:2)
  An ogre (D:4)
  2 jellies (D:4)
  A hound (D:3)
  5 adders
  4 dart slugs
  An orc (D:3)
  11 ball pythons
  8 bats
  6 endoplasms
  A giant cockroach (D:4)
  9 goblins
  5 hobgoblins
  2 jackals (D:3)
  8 kobolds
  2 quokkas (D:2)
  4 frilled lizards
  7 rats
78 creatures vanquished.

Notes
Turn   | Place    | Note
-------+----------+-------------------------------------------
     0 | D:1      | xian the Demonspawn Wanderer began the quest for the Orb.
     0 | D:1      | xian set off with the following items: a +2 short sword, a
                  | +0 pair of gloves, a potion of curing, a +0 robe; and the
                  | following spell memorised: Sandblast; and the following
                  | spells available to memorise: Stone Arrow.
     0 | D:1      | Reached XP level 1. HP: 13/13 MP: 4/4
    89 | D:1      | Gained mutation: You are partially covered in large bone
                  | plates. (SH +4) [demonic ancestry]
    89 | D:1      | Reached XP level 2. HP: 19/19 MP: 1/6
   655 | D:1      | Reached XP level 3. HP: 24/24 MP: 7/7
   689 | D:1      | Learned a level 3 spell: Stone Arrow
   954 | D:2      | Identified the +1 leather armour of Contentment {Str+7
                  | Dex+4}
  1303 | D:2      | Noticed Sigmund
  1314 | D:2      | Killed Sigmund
  1315 | D:2      | Reached XP level 4. HP: 22/31 MP: 8/10
  1315 | D:2      | Reached XP level 5. HP: 25/36 MP: 8/11
  1479 | D:2      | Reached skill level 1 in Dodging
  1515 | D:2      | Found a faded altar of an unknown god.
  2033 | D:3      | Reached XP level 6. HP: 42/42 MP: 10/12
  2685 | D:4      | Reached skill level 1 in Armour
  2821 | D:4      | Killed from afar by a white imp

Illustrated notes

Levels and vault maps discovered:
D:1:      elethiomel_arrival_shortcut, layout_basic, minmay_misc_feat_square,
          minivault_5, st_stairs_10
D:2:      layout_basic, serial_glass, glass_columns_a, glass_columns_a,
          glass_columns_b, glass_columns_c, glass_columns_c, glass_columns_b,
          glass_columns_a, glass_columns_a, ebering_ecumenical_altar_box,
          kennysheep_generic_room_10, uniq_sigmund
D:3:      minmay_spotlight, layout_rooms, nicolae_kite_square_tiling_tiny,
          st_stairs_1
D:4:      layout_cave_pools, uniq_crazy_yiuf_cottage, uniq_edmund

Skill      XL: |  1  2  3  4  5  6 |
---------------+-------------------+-----
Short Blades   | 4 |  4.2
Spellcasting   | 4 |  4.9
Earth Magic    | 2 3 |  3.5
Dodging        | 1 |  1.1
Armour         | 1 |  1.5
Fighting       | |  0.7
Throwing       | |  0.4
Stealth        | |  1.3
Shields        | |  0.3
Evocations     | |  1.0

Action                     |  1- 3 |  4- 6 || total
---------------------------+-------+-------++-------
  Melee: Short sword       |    25 |     6 ||    31
  Throw: Dart              |     5 |     2 ||     7
   Cast: Sandblast         |    41 |    75 ||   116
   Stab: Sleeping          |     1 |       ||     1
 Armour: Robe              |     4 |       ||     4
         Leather armour    |    17 |    17 ||    34
  Dodge: Dodged            |    33 |    45 ||    78
  Block: Other             |     6 |    11 ||    17

Table legend: (Time is in decaauts)
 A = Elapsed time spent in this place.
 B = Non-inter-level travel time spent in this place.
 C = Inter-level travel time spent in this place.
 D = Time resting spent in this place.
 E = Time spent auto-exploring this place.
 F = Levels seen in this place.
 G = Mean time per level.
                   A        B        C        D        E       F      G
               +--------+--------+--------+--------+--------+-----+--------+
         Total |   2870 |   2800 |     70 |      0 |   2127 |   4 |  717.5 |
       Dungeon |   2870 |   2800 |     70 |      0 |   2127 |   4 |  717.5 |
               +--------+--------+--------+--------+--------+-----+--------+

Top non-repeatable levels by time:
     D:2: 1057 daAuts
     D:1: 955 daAuts
     D:3: 647 daAuts
     D:4: 209 daAuts
